AoeStats
← matpochmara

Runestones

508076819Analyzed
1v1 RM · 12d ago on Sep 20, 2026· 41m 24s· 2 players
Game mode
Random Map
Map size
Tiny (2 player)
Population
200
Speed
Normal
Resources
Standard
Victory
Conquest
Starting age
Dark Age
Ending age
Imperial Age
RankedLock teamsTeams togetherTeam positionsShared explorationLock speedFull tech treeHidden civsTurbo modeCheats
Victory
Defeat
🇵🇱 Ethiopians · Poland
924
+16
🇵🇱 Mongols · Poland
934
-27
matpochmara
9:29 Loom
11:39 Feudal Age
12:42 Double-Bit Axe
13:23 Fletching
14:58 Arson
16:11 Padded Archer Armor
19:46 Horse Collar
26:16 Castle Age
26:35 Forging
27:33 Crossbowman
29:27 Bow Saw
30:50 Bodkin Arrow
33:32 Squires
34:11 Thumb Ring
37:55 Gold Mining
38:08 Heavy Plow
38:02 Stone Mining
odoaker2
9:38 Feudal Age
11:51 Double-Bit Axe
16:13 Stone Mining
18:39 Castle Age
17:36 Stone Mining
17:56 Fletching
18:07 Padded Archer Armor
21:14 Loom
24:27 Bow Saw
25:48 Town Watch
26:24 Horse Collar
27:27 Gold Mining
38:08 Forging
39:34 Light Cavalry
Connection lost

Rejoining the realm…

Still unreachable

The connection could not be restored.

Session expired

The server has moved on; the page needs a fresh start.